 Dungeon Crawl Stone Soup version 0.28.0-43-g3370ac3207 (webtiles) character file.

Game seed: 16415257160303644207

256 Ablot the Grasshopper (level 6, 0/50 HPs)
             Began as a Gnoll Warper on Mar 15, 2022.
             Was an Initiate of the Shining One.
             Succumbed to an orc wizard's poison
             ... on level 4 of the Dungeon.
             The game lasted 00:05:01 (4642 turns).

Ablot the Grasshopper (Gnoll Warper)                Turns: 4642, Time: 00:05:01

Health: 0/50       AC:  6    Str: 13    XL:     6   Next: 15%
Magic:  11/13      EV: 13    Int: 12    God:    the Shining One [......]
Gold:   108        SH:  0    Dex: 11    Spells: 13/15 levels left

rFire   . . .      SeeInvis .   a - +0 spear
rCold   . . .      Faith    .   (no shield)
rNeg    + + .      Spirit   .   t - +1 leather armour {rN+}
rPois   .          Reflect  .   i - +0 helmet
rElec   .          Harm     .   (no cloak)
rCorr   .          Rampage  .   (no gloves)
Will    .....                   m - +0 pair of boots
Stlth   +.........              (no amulet)
HPRegen 0.16/turn               l - ring of positive energy
MPRegen 0.13/turn               b - ring of wizardry

@: lethally poisoned (0 -> -7), on blink cooldown, glowing
A: fangs 1, strong nose, distributed training
a: Renounce Religion


You were on level 4 of the Dungeon.
You worshipped the Shining One.
The Shining One was noncommittal.
You visited 2 branches of the dungeon, and saw 5 of its levels.

You collected 164 gold pieces.
You spent 56 gold pieces at shops.

Inventory:

Hand Weapons
 a - a +0 spear (weapon)
Missiles
 d - 5 boomerangs of dispersal
 f - 43 bolts
 g - 93 stones (quivered)
 j - 19 arrows
Armour
 i - a +0 helmet (worn)
 m - a +0 pair of boots (worn)
 t - a +1 leather armour of positive energy (worn)
Magical Staves
 s - a staff of earth
 u - a staff of air
Jewellery
 b - a ring of wizardry (right hand)
 l - a ring of positive energy (left hand)
Scrolls
 c - a scroll of blinking
 e - a scroll of magic mapping {unknown}
 n - a scroll of vulnerability {unknown}
 o - 2 scrolls of teleportation {unknown}
 q - 2 scrolls of amnesia {unknown}
 r - a scroll of enchant weapon {unknown}
Potions
 h - 3 potions of might
 k - a potion of mutation {unknown}
 p - a potion of heal wounds {unknown}


   Skills:
 + Level 4.9 Fighting
 + Level 1.8 Short Blades
 + Level 1.8 Long Blades
 + Level 1.8 Axes
 + Level 1.8 Maces & Flails
 + Level 4.9 Polearms
 + Level 1.8 Staves
 + Level 1.8 Slings
 + Level 1.8 Bows
 + Level 1.8 Crossbows
 + Level 3.1 Throwing
 + Level 3.1 Armour
 + Level 4.9 Dodging
 + Level 1.8 Stealth
 + Level 1.8 Shields
 + Level 1.8 Unarmed Combat
 + Level 5.3 Spellcasting
 + Level 1.4 Conjurations
 + Level 1.4 Hexes
 + Level 1.4 Summonings
 + Level 1.4 Necromancy
 + Level 5.6 Translocations
 + Level 1.4 Transmutations
 + Level 1.4 Fire Magic
 + Level 1.4 Ice Magic
 + Level 1.4 Air Magic
 + Level 1.4 Earth Magic
 + Level 1.4 Poison Magic
 + Level 2.0 Invocations
 + Level 1.8 Evocations


You had 13 spell levels left.
You knew the following spells:

 Your Spells              Type           Power      Damage    Failure   Level
a - Blink                 Tloc           32%        N/A       1%          2

Your spell library contained the following spells:

 Spells                   Type           Power      Damage    Failure   Level
 Gell's Gravitas          Tloc           16%        N/A       3%          3
 Lesser Beckoning         Tloc           16%        N/A       3%          3
 Teleport Other           Tloc           16%        N/A       3%          3
 Manifold Assault         Tloc           16%        N/A       26%         5


Dungeon Overview and Level Annotations

Branches:
Dungeon (4/15)             Temple (1/1) D:4

Altars:
Ashenzari
Cheibriados
Dithmenos
Fedhas
Hepliaklqana
Makhleb
Nemelex Xobeh
Qazlal
Sif Muna
Trog
Uskayaw
Vehumet
Wu Jian
Xom
Yredelemnul
The Shining One

Shops:
D:1 !   D:4 :

Annotations:
D:4 Dowan


Innate Abilities, Weirdness & Mutations

You have very sharp teeth.
Your uncanny sense of smell can sniff out nearby items.
Your experience applies equally to all skills.


Message History

The orc wizard is almost dead.
You feel sick. The orc wizard casts a spell at you. The magic dart hits you.
* * * LOW HITPOINT WARNING * * *
Unknown command.
You hit the endoplasm.
The endoplasm is heavily wounded.
You feel sick. The endoplasm misses you.
The orc wizard hits you but does no damage.
You hit the endoplasm but do no damage.
The endoplasm is heavily wounded.
You feel sick. The endoplasm barely misses you.
An orc comes into view. It is wielding a +0 club.
The orc wizard hits you but does no damage.
You are lethally poisoned!
The orc shouts!
You hit the endoplasm.
You kill the endoplasm!
* * * LOW HITPOINT WARNING * * *
You feel very sick.
You hear a shout! x2
The orc wizard barely misses you.
You closely miss the orc wizard.
The orc wizard is almost dead.
* * * LOW HITPOINT WARNING * * *
You feel sick.
You hit the orc wizard.
You kill the orc wizard!
* * * LOW HITPOINT WARNING * * *
You feel sick.
A kobold comes into view.
It is wielding a +0 short sword and quivering poisoned darts.
The orc completely misses you.
* * * LOW HITPOINT WARNING * * *
You feel sick.
Casting: Blink (safe; 1% risk of failure)
Confirm with . or Enter, or press ? or * to list all spells.
You blink.
Dowan and a goblin come into view.
You die...

#####.......+...#........
............#####........
########ยง#.#######........
...K.o>.o.................
....####.#....####........
. ###.#.##.# #........
####...#.##.# #.#######
.e.....####+####.#
.g.'...@.......#.#
.###...........#.#
#...........#.#
#.#..#....#....
#.####.#.... # .#.... # ...
..


You could see Dowan, an orc and a goblin.

Vanquished Creatures
  A hound (D:2)
  4 orc wizards
  5 adders
  An adder skeleton (D:4)
  3 dart slugs
  9 orcs
  A bat (D:3)
  6 endoplasms
  A giant cockroach (D:2)
  7 hobgoblins
  4 jackals
  5 quokkas
  2 ball pythons
  2 frilled lizards
  2 goblins
  8 kobolds
  8 rats
69 creatures vanquished.

Vanquished Creatures (others)
  A goblin (D:2)
1 creature vanquished.

Grand Total: 70 creatures vanquished

Notes
Turn   | Place    | Note
-------+----------+-------------------------------------------
     0 | D:1      | Ablot the Gnoll Warper began the quest for the Orb.
     0 | D:1      | Reached XP level 1. HP: 20/20 MP: 6/6
    65 | D:1      | Found a faded altar of an unknown god.
    87 | D:1      | Found Wastropu's Distillery.
   364 | D:1      | Reached XP level 2. HP: 26/26 MP: 7/7
   367 | D:1      | Learned a level 2 spell: Blink
  1033 | D:1      | Bought a potion of might for 56 gold pieces
  1361 | D:2      | Reached XP level 3. HP: 31/31 MP: 9/9
  1370 | D:2      | Reached skill level 5 in Spellcasting
  1388 | D:2      | Reached skill level 1 in Invocations
  1718 | D:2      | Reached skill level 1 in Short Blades
  1718 | D:2      | Reached skill level 1 in Long Blades
  1718 | D:2      | Reached skill level 1 in Axes
  1718 | D:2      | Reached skill level 1 in Maces & Flails
  1718 | D:2      | Reached skill level 1 in Staves
  1718 | D:2      | Reached skill level 1 in Slings
  1718 | D:2      | Reached skill level 1 in Bows
  1718 | D:2      | Reached skill level 1 in Crossbows
  1718 | D:2      | Reached skill level 1 in Stealth
  1718 | D:2      | Reached skill level 1 in Shields
  1718 | D:2      | Reached skill level 1 in Unarmed Combat
  1718 | D:2      | Reached skill level 1 in Evocations
  1842 | D:2      | Reached XP level 4. HP: 13/38 MP: 11/11
  2635 | D:3      | Reached skill level 1 in Conjurations
  2635 | D:3      | Reached skill level 1 in Hexes
  2635 | D:3      | Reached skill level 1 in Summonings
  2635 | D:3      | Reached skill level 1 in Necromancy
  2635 | D:3      | Reached skill level 1 in Transmutations
  2635 | D:3      | Reached skill level 1 in Fire Magic
  2635 | D:3      | Reached skill level 1 in Ice Magic
  2635 | D:3      | Reached skill level 1 in Air Magic
  2635 | D:3      | Reached skill level 1 in Earth Magic
  2635 | D:3      | Reached skill level 1 in Poison Magic
  3060 | D:3      | Reached XP level 5. HP: 29/43 MP: 12/12
  4202 | D:4      | Found Qaopt's Book Emporium.
  4219 | D:4      | Found a staircase to the Ecumenical Temple.
  4227 | Temple   | Entered the Ecumenical Temple
  4235 | Temple   | Reached XP level 6. HP: 33/50 MP: 13/13
  4516 | Temple   | Became a worshipper of the Shining One
  4641 | D:4      | HP: 2/50 [poisoned by an orc wizard]
  4642 | D:4      | Noticed Dowan
  4642 | D:4      | Succumbed to an orc wizard's poison

Illustrated notes

Levels and vault maps discovered:
D:1:      mainiacjoe_arrival_reflecting_pool, layout_loops_cross,
          ebering_ecumenical_altar_box, serial_glass, glass_columns_a,
          glass_columns_b, serial_shops, nicolae_shop_window_shopping,
          minmay_3d_cube
D:2:      layout_basic, serial_corexii_hall, corexii_hall_statues_x,
          chequers_hall_statues_corner_a, corexii_hall_statues_x,
          corexii_hall_statues_x
D:3:      layout_loops_cross
D:4:      layout_basic, kennysheep_mini, overflow_temple_1_default,
          minmay_temple_entry_large_hall, serial_shops, shop,
          nicolae_shop_window_shopping, nicolae_square_shop, shop,
          enter_ossuary_2, uniq_duvessa
Temple:   eino_temple_rhombus

Skill      XL: |  1  2  3  4  5  6 |
---------------+-------------------+-----
Spellcasting   | 5 |  5.3
Invocations    | 1 2 |  2.0
Short Blades   | 1 |  1.8
Long Blades    | 1 |  1.8
Axes           | 1 |  1.8
Maces & Flails | 1 |  1.8
Staves         | 1 |  1.8
Slings         | 1 |  1.8
Bows           | 1 |  1.8
Crossbows      | 1 |  1.8
Stealth        | 1 |  1.8
Shields        | 1 |  1.8
Unarmed Combat | 1 |  1.8
Evocations     | 1 |  1.8
Conjurations   | 1 |  1.4
Hexes          | 1 |  1.4
Summonings     | 1 |  1.4
Necromancy     | 1 |  1.4
Transmutations | 1 |  1.4
Fire Magic     | 1 |  1.4
Ice Magic      | 1 |  1.4
Air Magic      | 1 |  1.4
Earth Magic    | 1 |  1.4
Poison Magic   | 1 |  1.4
Throwing       | 3 |  3.1
Armour         | 3 |  3.1
Fighting       | |  4.9
Polearms       | |  4.9
Dodging        | |  4.9
Translocations | |  5.6

Action                   |  1- 3 |  4- 6 || total
-------------------------+-------+-------++-------
Melee: Spear             |   158 |   228 ||   386
       Bite              |    12 |    20 ||    32
       Punch             |     1 |     5 ||     6
Throw: Stone             |       |     5 ||     5
 Cast: Blink             |       |     1 ||     1
 Stab: Sleeping          |       |     3 ||     3
Armor: Leather armour    |    34 |    29 ||    63
Dodge: Dodged            |    96 |    91 ||   187
